 Dungeon Crawl Stone Soup version 0.28.0-47-ge53b351184 (webtiles) character file.

Game seed: 5816759501357210887

399 Descartes the Grasshopper (level 7, -13/50 HPs)
             Began as a Formicid Warper on May 7, 2022.
             Mangled by an ogre
             ... wielding a +0 giant club
              (20 damage)
             ... on level 4 of the Dungeon.
             The game lasted 00:04:58 (3956 turns).

Descartes the Grasshopper (Formicid Warper)         Turns: 3956, Time: 00:04:58

Health: -13/50     AC: 10    Str: 17    XL:     7   Next: 10%
Magic:  10/10      EV:  7    Int: 13    God:
Gold:   150        SH:  0    Dex: 10    Spells: 10/10 levels left

rFire   . . .      SeeInvis +   a - +0 hand axe (vamp)
rCold   . . .      Faith    .   (no shield)
rNeg    . . .      Spirit   .   f - +0 chain mail
rPois   .          Reflect  .   (helmet unavailable)
rElec   .          Harm     .   k - +0 cloak
rCorr   .          Rampage  .   (no gloves)
Will    .....                   (no boots)
Stlth   ..........              i - amulet of magic regeneration
HPRegen 0.16/turn               (no ring)
MPRegen 0.52/turn               (no ring)

@: no status effects
A: permanent stasis, dig shafts and tunnels, antennae 3, four strong arms
a: Dig, Shaft Self


You were on level 4 of the Dungeon.
You visited 1 branch of the dungeon, and saw 5 of its levels.

You collected 150 gold pieces.

Inventory:

Hand Weapons
 a - a +0 vampiric hand axe (weapon)
Missiles
 c - 5 boomerangs of dispersal (quivered)
 d - 112 stones
Armour
 f - a +0 chain mail (worn)
 k - a +0 cloak (worn)
Jewellery
 i - an amulet of magic regeneration (around neck)
Scrolls
 e - 2 scrolls of noise {unknown}
 g - a scroll of fear {unknown}
 h - 2 scrolls of vulnerability {unknown}
 m - a scroll of magic mapping
 n - 2 scrolls of brand weapon
Potions
 b - a potion of degeneration
 j - a potion of ambrosia
 o - a potion of haste


   Skills:
 - Level 2.1 Fighting
 + Level 4.3 Axes
 - Level 1.0 Throwing
 + Level 4.3 Armour
 - Level 1.7 Dodging
 - Level 2.1 Spellcasting
 + Level 4.4 Translocations


You had 10 spell levels left.
You didn't know any spells.
Your spell library contained the following spells:

 Spells                   Type           Power      Damage    Failure   Level
 Gell's Gravitas          Tloc           13%        N/A       86%         3
 Lesser Beckoning         Tloc           13%        N/A       86%         3
 Teleport Other           Tloc           13%        N/A       86%         3
 Dazzling Flash           Conj/Hex       2%         N/A       100%        3
 Agony                    Necr           1%         N/A       100%        5
 Manifold Assault         Tloc           13%        N/A       100%        5
 Silence                  Hex/Air        0%         N/A       100%        5
 Blink                    Tloc           Unusable   N/A       N/A         2

Dungeon Overview and Level Annotations

Branches:
Dungeon (5/15)
 Temple: D:4-7

Altars:
Ashenzari


Innate Abilities, Weirdness & Mutations

You cannot be hasted, slowed, berserked, paralysed or teleported.
You can dig through walls and to a lower floor.
You have a pair of large antennae on your head. (SInv)
Your four strong arms can wield two-handed weapons with a shield.


Message History

The ogre barely misses you.
You barely miss the ogre.
The ogre is moderately wounded.
You hit the ogre.
You feel better.
The ogre is heavily wounded.
The ogre completely misses you.
You hit the ogre.
You feel better.
The ogre is heavily wounded.
The ogre hits you with a +0 giant club!
You hit the ogre.
You feel better.
The ogre is severely wounded.
The ogre hits you with a +0 giant club!
You are too injured to fight recklessly!
You are too injured to fight recklessly!
You are too injured to fight recklessly!
You are too injured to fight recklessly!
You are too injured to fight recklessly!
You are too injured to fight recklessly!
You are too injured to fight recklessly!
You are too injured to fight recklessly!
You are too injured to fight recklessly!
You are too injured to fight recklessly!
You are too injured to fight recklessly!
You are too injured to fight recklessly!
You are too injured to fight recklessly!
You are too injured to fight recklessly!
You are too injured to fight recklessly!
You barely miss the ogre.
The ogre is severely wounded.
The ogre hits you with a +0 giant club!
* * * LOW HITPOINT WARNING * * *
You hit the ogre.
You feel better.
The ogre is almost dead.
The ogre hits you with a +0 giant club!
* * * LOW HITPOINT WARNING * * *
Found 13 gold pieces.
Found a scroll labelled HINIVO ZADYHIE.
There is a stone staircase leading up here.
The ogre hits you with a +0 giant club!!
You die...

....# .. #.... .. ... .....##..
.... .. .......... .....##.#
.........#
.......#.###............
...........#...............#
#............@...........?..#
#............O...............
............................
............รท.............
...................##..##...
.#......................## ##.
##...........####.##....
#....#.............##..##...# .
......?.................#...##.


You could see an ogre.

Vanquished Creatures
  Grinder (D:5)
  2 orc priests (D:3)
  5 adders
  A worm (D:3)
  3 dart slugs
  3 orcs (D:3)
  7 bats
  6 endoplasms
  4 giant cockroaches
  5 hobgoblins
  6 jackals
  4 quokkas
  5 ball pythons
  2 frilled lizards
  5 goblins
  6 kobolds
  21 rats
86 creatures vanquished.

Notes
Turn   | Place    | Note
-------+----------+-------------------------------------------
     0 | D:1      | Descartes the Formicid Warper began the quest for the Orb.
     0 | D:1      | Reached XP level 1. HP: 16/16 MP: 3/3
   215 | D:1      | Reached XP level 2. HP: 22/22 MP: 5/5
   634 | D:1      | Reached XP level 3. HP: 27/27 MP: 6/6
  1212 | D:2      | Reached XP level 4. HP: 31/33 MP: 7/7
  1830 | D:3      | Noticed a shining eye
  1920 | D:3      | Found a faded altar of an unknown god.
  2346 | D:3      | Noticed an eye of devastation
  2350 | D:3      | Noticed a shining eye
  2355 | D:3      | Noticed an eye of devastation
  2423 | D:3      | You fall into a shaft and drop 2 floors!
  2423 | D:5      | Entered Level 5 of the Dungeon
  2514 | D:5      | Noticed Grinder
  2532 | D:5      | Killed Grinder
  2533 | D:5      | Reached XP level 5. HP: 11/38 MP: 8/8
  2533 | D:5      | Reached XP level 6. HP: 12/44 MP: 9/9
  2765 | D:5      | Found a broken altar of Ashenzari.
  3551 | D:3      | Reached XP level 7. HP: 20/50 MP: 10/10
  3919 | D:4      | HP: 1/50 [ogre/+0 giant club (15)]
  3956 | D:4      | Mangled by an ogre

Illustrated notes

Levels and vault maps discovered:
D:1:      dpeg_arrival_lava_altar, layout_loops_ring
D:2:      layout_basic, chequers_serial_rivers_micro_a
D:3:      layout_basic, hellmonk_ecumenical_altar_watching_god, minmay_rat_hole
D:4:      layout_cave_pools, minmay_temple_entry_glassed_door
D:5:      layout_basic, cheibrodos_ashenzari_chains, kennysheep_path_1,
          uniq_blork_the_orc, uniq_prince_ribbit1, uniq_grinder

Skill      XL: |  1  2  3  4 |
---------------+-------------+-----
Translocations | 3 4 |  4.4
Armour         | 2 4 |  4.3
Axes           | 4 |  4.3
Fighting       | |  2.1
Throwing       | |  1.0
Dodging        | |  1.7
Spellcasting   | |  2.1

Action                   |  1- 3 |  4- 6 |  7- 9 || total
-------------------------+-------+-------+-------++-------
Melee: Hand axe          |    89 |   149 |    30 ||   268
       Punch             |     1 |     1 |       ||     2
  Use: Potion            |       |     3 |       ||     3
       Scroll            |       |       |     4 ||     4
Armor: Chain mail        |    64 |    99 |    35 ||   198
Dodge: Dodged            |    37 |    60 |    17 ||   114
